 Dungeon Crawl Stone Soup version 0.28.0-45-g0d030f2227 (webtiles) character file.

Game seed: 11495582272992995156

44 McKennaii the Skirmisher (level 3, -1/29 HPs)
             Began as a Demonspawn Fighter on Apr 6, 2022.
             Succumbed to a goblin's poison
             ... on level 2 of the Dungeon.
             The game lasted 00:00:49 (1301 turns).

McKennaii the Skirmisher (Demonspawn Fighter)       Turns: 1301, Time: 00:00:50

Health: -1/29      AC:  6    Str: 24    XL:     3   Next: 41%
Magic:  2/2        EV:  9    Int:  9    God:
Gold:   54         SH:  5    Dex: 14    Spells: 2/2 levels left

rFire   . . .      SeeInvis .   a - +0 trident
rCold   . . .      Faith    .   c - +0 buckler
rNeg    . . .      Spirit   .   b - +0 scale mail
rPois   .          Reflect  .   (helmet restricted)
rElec   .          Harm     .   (no cloak)
rCorr   .          Rampage  .   (no gloves)
Will    .....                   (no boots)
Stlth   +.........              (no amulet)
HPRegen 0.09/turn               j - +6 ring of strength
MPRegen 0.08/turn               (no ring)

@: lethally poisoned (-1 -> -21)
A: claws 1, beak, thin skeletal structure 1, low MP 1
a: no special abilities


You were on level 2 of the Dungeon.
You visited 1 branch of the dungeon, and saw 2 of its levels.

You collected 54 gold pieces.

Inventory:

Hand Weapons
 a - a +0 trident (weapon)
Armour
 b - a +0 scale mail (worn)
 c - a +0 buckler (worn)
Jewellery
 j - a +6 ring of strength (left claw)
Scrolls
 i - 2 scrolls of blinking {unknown}
 k - 2 scrolls of immolation {unknown}
 l - a scroll of identify {unknown}
 m - a scroll of magic mapping {unknown}
Potions
 d - a potion of might
 e - a potion of mutation
 f - a potion of haste {unknown}
 g - a potion of heal wounds {unknown}
 h - a potion of brilliance {unknown}
 n - 2 potions of resistance {unknown}


   Skills:
 + Level 3.4 Fighting
 + Level 2.3 Polearms
 + Level 3.1 Armour
 + Level 3.1 Shields


You had 2 spell levels left.
You didn't know any spells.
Your spell library was empty.

Dungeon Overview and Level Annotations

Branches:
Dungeon (2/15)

Altars:


Innate Abilities, Weirdness & Mutations

You have sharp fingernails.
You have a beak for a mouth.
You have a somewhat thin skeletal structure. (Dex +2, Stealth+)
Your magical capacity is low. (-10% MP)


Message History

You hit the goblin but do no damage.
You feel very sick. The goblin hits you but does no damage.
A goblin is nearby!
You barely miss the goblin.
You feel sick.
The goblin hits you with a +0 dagger of venom.
The goblin hits you but does no damage.
A goblin is nearby!
You hit the goblin.
The goblin is heavily wounded.
You feel sick. The goblin barely misses you.
A goblin is nearby!
You barely miss the goblin.
The goblin is heavily wounded.
You feel sick. The goblin hits you but does no damage.
You are more poisoned.
A goblin is nearby!
You barely miss the goblin.
The goblin is heavily wounded.
You feel very sick. The goblin closely misses you.
You are too injured to fight recklessly!
You are too injured to fight recklessly!
You feel sick.
You feel sick.
You miss the goblin.
The goblin is moderately wounded.
You feel sick. The goblin hits you but does no damage.
You are lethally poisoned!
The goblin hits you with a +0 dagger of venom.
You are more poisoned.
You puncture the goblin!
You kill the goblin!
* * * LOW HITPOINT WARNING * * *
You feel very sick.
There is a lethal amount of poison in your body!
It was a potion of mutation.
You feel extremely strange.
You feel less energetic.
Your bones become slightly less dense.
Your mouth lengthens and hardens into a beak!
You die...

################.#
# #.# #### #.#
...# ###.# .#.#
..#.### ...#
###.#...# ..##
...###.# ..#
#.###.# ..#
#.)@..# ..#
#.##### ...
#...)..# ...
>...###..# .# #..#
#..) ##.## .# ##


There were no monsters in sight!

Vanquished Creatures
  An adder (D:2)
  A dart slug (D:1)
  3 endoplasms
  A giant cockroach (D:1)
  6 goblins
  2 hobgoblins (D:1)
  3 jackals (D:1)
  A quokka (D:1)
  A ball python (D:1)
  3 bats
  A frilled lizard (D:1)
  6 kobolds
  3 rats
32 creatures vanquished.

Vanquished Creatures (others)
  A plant (D:2)
1 creature vanquished.

Grand Total: 33 creatures vanquished

Notes
Turn   | Place    | Note
-------+----------+-------------------------------------------
     0 | D:1      | McKennaii the Demonspawn Fighter began the quest for the
                  | Orb.
     0 | D:1      | Reached XP level 1. HP: 18/18 MP: 1/1
   168 | D:1      | Gained mutation: You have sharp fingernails. [demonic
                  | ancestry]
   168 | D:1      | Reached XP level 2. HP: 21/24 MP: 2/2
   694 | D:1      | Found a faded altar of an unknown god.
   713 | D:1      | Reached XP level 3. HP: 19/29 MP: 3/3
  1301 | D:2      | Gained mutation: Your magical capacity is low. (-10% MP)
                  | [potion of mutation]
  1301 | D:2      | Gained mutation: You have a somewhat thin skeletal
                  | structure. (Dex +2, Stealth+) [potion of mutation]
  1301 | D:2      | Gained mutation: You have a beak for a mouth. [potion of
                  | mutation]
  1301 | D:2      | Succumbed to a goblin's poison

Illustrated notes

Levels and vault maps discovered:
D:1:      wheals_arrival_linesprint, layout_loops_ring,
          dreamdust_ecumenical_altar_statues, feat_on_display
D:2:      layout_basic, amcnicky_mini_pool_small, serial_bayou_pond_a

Skill      XL: |  1  2 |
---------------+-------+-----
Polearms       | 2 |  2.3
Armour         | 3 |  3.1
Shields        | 3 |  3.1
Fighting       | |  3.4

Action                   || total
-------------------------++-------
Melee: Trident           ||   100
  Use: Potion            ||     1
Armor: Scale mail        ||    36
Dodge: Dodged            ||    39
Block: Buckler           ||    16
